 Dungeon Crawl Stone Soup version 0.30-a0-711-gf4ac18a38d (webtiles) character file.

Game seed: 9536950433148193471

290 lesbiats the Conjurer (level 6, 0/50 HPs)
             Began as a Draconian Conjurer on Jan 23, 2023.
             Slain by Menkaure (16 damage)
             ... on level 4 of the Dungeon.
             The game lasted 00:09:09 (3918 turns).

lesbiats the Conjurer (Draconian Conjurer)          Turns: 3918, Time: 00:09:10

Health: 0/50       AC:  7    Str:  9    XL:     6   Next: 9%
Magic:  8/12       EV: 12    Int: 20    God:
Gold:   137        SH:  5    Dex: 10    Spells: 10/13 levels left

rFire   . . .      SeeInvis .    v - +3 hand axe
rCold   . . .      Faith    .    (no shield)
rNeg    . . .      Spirit   .    (body armour unavailable)
rPois   .          Reflect  +    (helmet restricted)
rElec   .          Harm     .    p - +0 cloak
rCorr   .          Rampage  .    (no gloves)
Will    .....                    (no boots)
Stlth   ++                       g - amulet of reflection
HPRegen 0.28/turn                (no ring)
MPRegen 0.13/turn                (no ring)

@: no status effects
A: AC +6, unfitting armour, cold-blooded
a: no special abilities


You were on level 4 of the Dungeon.
You visited 1 branch of the dungeon, and saw 4 of its levels.

You collected 137 gold pieces.

Inventory:

Hand Weapons
 v - a +3 hand axe (weapon)
Missiles
 h - 4 atropa-tipped darts
Armour
 p - a +0 cloak (worn)
Jewellery
 g - an amulet of reflection (around neck)
Scrolls
 b - 2 scrolls of teleportation {unknown}
 d - a scroll of fog {unknown}
 e - 2 scrolls of identify {unknown}
 f - a scroll of amnesia {unknown}
 j - a scroll of fear {unknown}
 l - a scroll of vulnerability {unknown}
 m - 2 scrolls of immolation {unknown}
 q - a scroll of enchant weapon {unknown}
Potions
 a - 2 potions of magic
 c - a potion of berserk rage {unknown}
 i - a potion of resistance {unknown}
 k - 3 potions of degeneration {unknown}
 n - 2 potions of curing {unknown}
 o - 2 potions of might {unknown}
 r - a potion of flight {unknown}
 s - a potion of brilliance {unknown}
 t - a potion of mutation {unknown}
 u - a potion of attraction {unknown}


   Skills:
 + Level 2.8 Fighting
 + Level 3.0 Dodging
 - Level 1.7 Stealth
 * Level 4.0 Spellcasting
 + Level 4.8 Conjurations


You had 10 spell levels left.
You knew the following spells:

 Your Spells              Type           Power      Damage    Failure   Level
a - Magic Dart            Conj           92%        1d7       1%          1
b - Searing Ray           Conj           46%        2d6       2%          2

Your spell library contained the following spells:

 Spells                   Type           Power      Damage    Failure   Level
 Dazzling Flash           Conj/Hex       26%        N/A       14%         3
 Call Imp                 Summ           4%         N/A       19%         2
 Call Canine Familiar     Summ           4%         N/A       36%         3
 Kindle Blastsparks       Fire/Tloc/Air  8%         2d10      36%         3
 Flame Wave               Conj/Fire      13%        2d6       43%         4
 Fulminant Prism          Conj/Hex       6%         3d6       43%         4
 Iskenderun's Mystic Bla  Conj/Tloc      13%        2d5       43%         4
 Lee's Rapid Deconstruct  Erth           2%         3d4*      98%         5
 Summon Cactus Giant      Summ           2%         N/A       100%        6


Dungeon Overview and Level Annotations

Branches:
Dungeon (4/15)
 Temple: D:4-7

Altars:

Annotations:
D:4 Menkaure


Innate Abilities, Weirdness & Mutations

Your plain brown scales are hard. (AC +6)
You cannot fit into any form of body armour.
You are cold-blooded and may be slowed by cold attacks.


Message History

Ijyb is almost dead.
Ijyb zaps a wand.
The bolt of dispelling energy hits you!
The now-empty wand crumbles to dust.
Ijyb hits you but does no damage.
You slash Ijyb!
You kill Ijyb!
Your Spellcasting skill increases to level 4!
You have reached level 6!
Your scales feel tougher.
You start resting.
You hear the slow rusting of a distant drain.
You start resting.
You hear the slow rusting of a distant drain.
You start resting.
Magic restored.
Things that are here:
a +0 dagger; a +0 leather armour HP restored.
Things that are here:
a +0 dagger; a +0 leather armour You hear the rusting of a distant drain.
Menkaure, Prince of Dust comes into view.
Menkaure shouts!
Menkaure calls on the powers of darkness!
Your body is wracked with pain!
Casting: Searing Ray (safe; 2% risk of failure)
Confirm with . or Enter, or press ? or * to list all spells.
Aiming: Searing Ray (safe; 2% risk of failure)
Press: ? - help, Shift-Dir - straight line, f - Menkaure
Aim: Menkaure (89% to hit)
The searing ray hits Menkaure.
Menkaure is moderately damaged. (Press . to maintain the ray.)
The searing ray hits Menkaure.
Menkaure is moderately damaged.
Menkaure shouts, "The sands of time shall wipe you from history!"
Menkaure hits you!
The searing ray hits Menkaure.
Menkaure is severely damaged.
Menkaure hits you!
You die...

####...###........##
#....#######...# #....#
#...# #.....# #...#
#.....# ##.## ###...#
###..# ##### ###....#
####......## ##.
#######........@.# #....
##....<.†......##M#....#
.......##########....#
....###.# #..###
..##...## #.## ###....#
#.# #....### #.# ....##
.## ...## .


You could see Menkaure.

Vanquished Creatures
  The ghost of jlumianski the Covered, a weakling DsFi (D:3)
  2 iguanas
  Ijyb (D:4)
  3 gnolls (D:3)
  5 adders
  4 worms
  3 dart slugs
  2 orcs (D:3)
  5 ball pythons
  9 endoplasms
  4 giant cockroaches
  9 hobgoblins
  2 jackals (D:1)
  5 kobolds
  6 bats
  4 frilled lizards
  7 goblins
  7 rats
79 creatures vanquished.

Notes
Turn   | Place    | Note
-------+----------+-------------------------------------------
     0 | D:1      | lesbiats the Draconian Conjurer began the quest for the
                  | Orb.
     0 | D:1      | Reached XP level 1. HP: 14/14 MP: 3/3
   193 | D:1      | Reached XP level 2. HP: 22/22 MP: 3/5
   308 | D:1      | Learned a level 2 spell: Searing Ray
   521 | D:1      | Reached skill level 1 in Fighting
   748 | D:1      | Found a faded altar of an unknown god.
   821 | D:1      | Reached XP level 3. HP: 28/28 MP: 1/6
  1759 | D:2      | Reached XP level 4. HP: 35/35 MP: 2/8
  2536 | D:3      | Got Vanopp's Handbook of Sizzling Generation
  2939 | D:3      | Found a runed translucent door.
  2967 | D:3      | Noticed jlumianski's ghost (weakling DsFi)
  2999 | D:3      | Killed jlumianski's ghost
  3000 | D:3      | Reached XP level 5. HP: 13/42 MP: 4/10
  3150 | D:3      | Identified the +6 ring mail "Sibat" {*Corrode MP+9 Int+2
                  | Dex+6}
  3767 | D:4      | Noticed Ijyb
  3779 | D:4      | Killed Ijyb
  3780 | D:4      | Reached XP level 6. HP: 24/50 MP: 2/12
  3913 | D:4      | Noticed Menkaure
  3918 | D:4      | Slain by Menkaure

Illustrated notes

Levels and vault maps discovered:
D:1:      scummos_arrival_forest, layout_basic, chequers_ecumenical_altar_simple
D:2:      layout_loops_cross
D:3:      cheibrodos_pilgrimage, layout_rooms, gammafunk_ghost_grave,
          st_stairs_13, kennysheep_minor_cross
D:4:      layout_cave_pods, mainiacjoe_overflow_paths, gup_sewer_entry_pipe,
          uniq_ijyb, uniq_menkaure

Skill      XL: |  1  2  3  4  5 |
---------------+----------------+-----
Dodging        | 2 3 |  3.0
Fighting       | 1 2 |  2.8
Spellcasting   | 3 4 |  4.0
Stealth        | |  1.7
Conjurations   | |  4.8

Action                     |  1- 3 |  4- 6 || total
---------------------------+-------+-------++-------
  Melee: Club              |    42 |     6 ||    48
         Tailslap          |     4 |       ||     4
         Hand axe          |       |     5 ||     5
   Cast: Magic Dart        |    89 |    92 ||   181
         Searing Ray       |     2 |     7 ||     9
    Use: Potion            |       |     1 ||     1
 Armour: Skin              |    13 |    11 ||    24
  Dodge: Dodged            |    34 |    24 ||    58
  Block: Other             |     8 |    10 ||    18
         Reflection        |       |     1 ||     1

Table legend: (Time is in decaauts)
 A = Elapsed time spent in this place.
 B = Non-inter-level travel time spent in this place.
 C = Inter-level travel time spent in this place.
 D = Time resting spent in this place.
 E = Time spent auto-exploring this place.
 F = Levels seen in this place.
 G = Mean time per level.
                   A        B        C        D        E       F      G
               +--------+--------+--------+--------+--------+-----+--------+
         Total |   3933 |   3771 |    162 |   1344 |   1866 |   4 |  983.2 |
       Dungeon |   3933 |   3771 |    162 |   1344 |   1866 |   4 |  983.2 |
               +--------+--------+--------+--------+--------+-----+--------+

Top non-repeatable levels by time:
     D:2: 1419 daAuts
     D:3: 1217 daAuts
     D:1: 1025 daAuts
     D:4: 272 daAuts
